 Dungeon Sprint DCSS version 0.21.2 (webtiles) character file.

515 Fang the Fighter (level 7, -6/79 HPs)
             Began as a Gargoyle Berserker on Dec 19, 2018.
             Was a Priest of Trog.
             Mangled by a tyrant leech (17 damage)
             ... in the Dungeon (Sprint II: "The Violet Keep of Menkaure").
             The game lasted 00:01:01 (465 turns).

Fang the Fighter (Gargoyle Berserker)                Turns: 465, Time: 00:01:02

Health: -6/79      AC:  7    Str: 27    XL:     7   Next: 20%
Magic:  7/7        EV: 13    Int:  8    God:    Trog [***...]
Gold:   486        SH:  0    Dex:  9    Spells: 6/6 levels left

rFire    . . .     SeeInvis .   a - +0 hand axe
rCold    . . .     Gourm    .   (no shield)
rNeg     + . .     Faith    .   b - +0 animal skin
rPois    ∞         Spirit   .   (no helmet)
rElec    +         Reflect  .   (no cloak)
rCorr    .         Harm     .   (no gloves)
MR       .....     NoTele   +   (no boots)
Stlth    ..........             (no amulet)
HPRegen  0.23/turn              (no ring)
MPRegen  0.10/turn              (no ring)

@: berserking (expiring), very quick
A: negative energy resistance 1, electricity resistance, unbreathing,
petrification resistance, rot immunity, AC +4
a: Berserk, Trog's Hand, Burn Spellbooks, Renounce Religion


You were in the Dungeon.
You worshipped Trog.
Trog was most pleased with you.
You were not hungry.

You visited 1 branch You collected 486 gold pieces.

Inventory:

Hand Weapons
 a - a +0 hand axe (weapon)
Armour
 b - a +0 animal skin (worn)
Scrolls
 i - a scroll of blinking
Potions
 d - a potion of curing
 e - a potion of heal wounds
 f - a potion of haste
 g - 2 potions of magic
 h - a potion of berserk rage


   Skills:
 + Level 10.3 Fighting
 + Level 9.8 Axes
 + Level 5.0 Armour
 + Level 4.1 Dodging


You had 6 spell levels left.
You didn't know any spells.

Dungeon Overview and Level Annotations

Branches:
Dungeon (1/1)

Altars:
Beogh

Shops:
D ?%!!*[=%}[:=:(

Annotations:
D exclusion: oklob plant


Innate Abilities, Weirdness & Mutations

You are resistant to torment.
Your stone body is resilient. (AC +4)
You are immune to poison.
You resist negative energy. (rN+)
You are resistant to electric shocks. (rElec)
You can survive without breathing.
You are immune to petrification.
You are immune to rotting.


Message History

There is an open door here.
Unknown command.
You barely miss the tyrant leech. You miss the tyrant leech.
The tyrant leech closely misses you. The tyrant leech bites you!!
Unknown command.
You closely miss the tyrant leech. x2
Unknown command.
You hit the tyrant leech.
The tyrant leech is lightly wounded.
You hit the tyrant leech. The tyrant leech misses you.
The tyrant leech bites you!!
* * * LOW HITPOINT WARNING * * *
Unknown command.
You hit the tyrant leech but do no damage.
The tyrant leech is lightly wounded.
You closely miss the tyrant leech. You closely miss the tyrant leech.
The tyrant leech is lightly wounded.
You hit the tyrant leech. The tyrant leech bites you!
You die...

### ;§§;≈≈§ #≈## ;;;≈
########≈≈#+++#+++##
########≈≈≈.........#
.∩.....#≈≈≈≈.##'##..#
∩.∩....#≈≈≈≈##†#†##.####
.∩.∩...#≈≈≈≈#..#..# ...#
..∩.∩..#≈≈####w..####..##
...∩.⌠.#≈##.###@###.##..#
..∩.∩..#≈#.w.##w##..##..#
.∩.∩...'≈+# #'.<.'##.'..### #
∩.∩....#≈#..$##.##..##....###..
▓▓▓▓▓###≈##.###+###.##......≈≈≈
hD######≈≈###


H#H ###≈≈.....≈#+ hh# ##≈≈≈#.# #.#≈≈≈≈≈≈≈.§≈#. P #+#≈## ##≈§≈≈≈§≈≈.≈#.
#≈≈##+##≈≈≈≈≈≈≈≈§≈§#. You could see 2 tyrant leeches.

Vanquished Creatures
  4 necrophages (D)
  A crocodile (D)
  4 worker ants (D)
9 creatures vanquished.

Vanquished Creatures (others)
  Menkaure (D)
  A crocodile (D)
2 creatures vanquished.

Grand Total: 11 creatures vanquished

Notes
Turn   | Place    | Note
-------+----------+-------------------------------------------
     0 | D        | Fang the Gargoyle Berserker began the quest for the Orb.
     0 | D        | Reached XP level 1. HP: 14/14 MP: 1/1
     3 | D        | Noticed a hippogriff
     3 | D        | Noticed a hippogriff
     7 | D        | Killed Menkaure
     9 | D        | Noticed a tyrant leech
     9 | D        | Noticed a tyrant leech
    13 | D        | Noticed a worker ant
    13 | D        | Noticed a worker ant
    13 | D        | Noticed a worker ant
    13 | D        | Noticed a worker ant
    17 | D        | Killed a worker ant
    17 | D        | Reached skill level 5 in Fighting
    17 | D        | Reached XP level 2. HP: 21/21 MP: 2/2
    19 | D        | Reached XP level 3. HP: 27/27 MP: 3/3
    19 | D        | Killed a crocodile
    21 | D        | Reached ** piety under Trog
    21 | D        | Reached skill level 6 in Fighting
    21 | D        | Reached skill level 5 in Axes
    21 | D        | Reached XP level 4. HP: 32/32 MP: 4/4
    81 | D        | Found a roughly hewn altar of Beogh.
    86 | D        | Noticed a flying skull
    87 | D        | Noticed a flying skull
    87 | D        | Noticed a flying skull
    89 | D        | Noticed a flying skull
    90 | D        | Noticed a flying skull
    91 | D        | Noticed a flying skull
    91 | D        | Noticed a flying skull
    92 | D        | Noticed a flying skull
    92 | D        | Noticed a flying skull
    92 | D        | Noticed a flying skull
    93 | D        | Noticed a flying skull
    94 | D        | Noticed a flying skull
   100 | D        | Found Adathaj's Antique Weapon Shop.
   102 | D        | Found Pyffuasm's Jewellery Shop.
   102 | D        | Found Cyhonijec's Book Boutique.
   102 | D        | Found Joqokaj's Book Boutique.
   103 | D        | Found Toadinaek's Food Boutique.
   103 | D        | Found Udaipo's Jewellery Shop.
   104 | D        | Found Reigairo's Gadget Shop.
   104 | D        | Found Xamiolom's Antique Armour Shop.
   105 | D        | Found Cisu's General Store.
   105 | D        | Found Wotaypnu's Distillery.
   106 | D        | Found Eciets's Antique Armour Boutique.
   106 | D        | Noticed a black bear
   108 | D        | Found Doduebax's Distillery.
   112 | D        | Noticed a black bear
   112 | D        | Found Qekumed's Food Boutique.
   112 | D        | Found Yluuvitall's Magic Scroll Shop.
   112 | D        | Noticed a crocodile
   112 | D        | Noticed an oklob plant
   112 | D        | Noticed a fire dragon
   113 | D        | Noticed a black bear
   124 | D        | Killed a crocodile
   124 | D        | Reached skill level 7 in Fighting
   124 | D        | Reached XP level 5. HP: 6/39 MP: 5/5
   359 | D        | Noticed a necrophage
   359 | D        | Noticed a necrophage
   359 | D        | Noticed a necrophage
   359 | D        | Noticed a necrophage
   365 | D        | Killed a necrophage
   365 | D        | Reached skill level 8 in Fighting
   365 | D        | Reached XP level 6. HP: 45/45 MP: 6/6
   367 | D        | Killed a necrophage
   367 | D        | Reached *** piety under Trog
   367 | D        | Reached skill level 9 in Fighting
   374 | D        | Killed a necrophage
   374 | D        | Reached skill level 10 in Fighting
   375 | D        | Killed a necrophage
   375 | D        | Reached skill level 5 in Armour
   375 | D        | Reached XP level 7. HP: 53/53 MP: 7/7
   465 | D        | Mangled by a tyrant leech

Skill      XL: |  1  2  3  4  5  6 |
---------------+-------------------+-----
Fighting       | 5 6 7 8 10 | 10.3
Axes           | 4 5 6 7 9 |  9.8
Dodging        | 2 3 4 |  4.1
Armour         | 3 4 5 |  5.0

Action                   |  1- 3 |  4- 6 |  7- 9 || total
-------------------------+-------+-------+-------++-------
Melee: Hand axe          |     7 |    25 |     6 ||    38
Invok: Berserk           |     1 |     2 |     1 ||     4
  Eat: Ration            |       |       |     1 ||     1
Armor: Animal skin       |     2 |     6 |       ||     8
Dodge: Dodged            |     1 |    15 |     2 ||    18
